 Dungeon Crawl Stone Soup version 0.26-a0-652-gafc20e3620 (webtiles) character file.

Game seed: 16250220399263243605

18 P0NYSLAYSTATION the Grave Robber (level 2, -2/22 HPs)
             Began as a Hill Orc Necromancer on Oct 1, 2020.
             Slain by Natasha (8 damage)
             ... on level 2 of the Dungeon.
             The game lasted 00:04:08 (619 turns).

P0NYSLAYSTATION the Grave Robber (HONe)              Turns: 619, Time: 00:04:09

Health: -2/22      AC:  2    Str: 10    XL:     2   Next: 70%
Magic:  4/4        EV: 12    Int: 15    God:
Gold:   60         SH:  0    Dex: 11    Spells: 2/4 levels left

rFire    . . .     SeeInvis .   d - +0 dagger
rCold    . . .     Faith    .   (no shield)
rNeg     . . .     Spirit   .   a - +0 robe
rPois    .         Reflect  .   (no helmet)
rElec    .         Harm     .   (no cloak)
rCorr    .         Rampage  .   (no gloves)
MR       .....                  (no boots)
Stlth    ++........             (no amulet)
HPRegen  0.07/turn              (no ring)
MPRegen  0.09/turn              (no ring)

@: no status effects
A: no striking features
a: no special abilities


You were on level 2 of the Dungeon.
You visited 1 branch of the dungeon, and saw 4 of its levels.

You collected 60 gold pieces.

Inventory:

Hand Weapons
 c - a +0 club
 d - a +0 dagger (weapon)
Missiles
 b - 20 poisoned darts (quivered)
Armour
 a - a +0 robe (worn)
 g - a +0 leather armour
Scrolls
 e - a scroll of immolation {unknown}
 f - a scroll of remove curse {unknown}


   Skills:
 * Level 0.5 Fighting
 * Level 0.1 Armour
 + Level 1.7 Dodging
 + Level 1.8 Stealth
 + Level 1.6 Spellcasting
 + Level 4.4 Necromancy


You had 2 spell levels left.
You knew the following spells:

 Your Spells              Type           Power        Failure   Level
a - Pain                  Necr           ##..         3%          1
b - Animate Skeleton      Necr           ##....       3%          1

Your spell library contained the following spells:

 Spells                   Type           Power        Failure   Level
 Vampiric Draining        Necr           ##........   12%         3
 Animate Dead             Necr           ##........   36%         4
 Agony                    Necr           ##......     71%         5


Dungeon Overview and Level Annotations

Branches:
Dungeon (4/15)
 Temple: D:4-7

Altars:

Annotations:
D:2 Natasha


Message History

You see here a leather armour.
g - a leather armour The ogre barely misses you.
There is a stone staircase leading up here.
You can't go down here!
You climb upwards.
There is a stone staircase leading down here.
There is a stone staircase leading up here.
The ogre hits you with a +0 giant spiked club!
Ouch! That really hurt!
* * * LOW HITPOINT WARNING * * *
You climb upwards.
Level annotation: Natasha The kobold barely misses you.
The kobold hits you with a +0 short sword.
* * * LOW HITPOINT WARNING * * *
There is a stone staircase leading down here.
The kobold barely misses you. Natasha claws you!
You die...

## ### ##. #.#
##.. #.# ######
#... #<# . #..).#
#... #.# ...####
#....# #... #.#
.......###....#
#... #.#
#.@h#>...# #...
#.# ###KO....#
######.) ##.###
##.....###.......
#....#
##....##..####.#
#....# #...?##.##
#.# #....#
#........# #.#
#....# #....###.#
... #....#
.....#### .# #.#
###.## ####.. ..
..#


You could see an ogre, Natasha and a kobold.

Vanquished Creatures
  An adder (D:3)
  2 goblins (D:1)
  A hobgoblin (D:1)
  A jackal (D:2)
  A kobold (D:3)
  A ball python (D:1)
  A bat (D:3)
  A frilled lizard (D:3)
  3 rats (D:1)
12 creatures vanquished.

Notes
Turn   | Place    | Note
-------+----------+-------------------------------------------
     0 | D:1      | P0NYSLAYSTATION the Hill Orc Necromancer began the quest
                  | for the Orb.
     0 | D:1      | Reached XP level 1. HP: 14/14 MP: 3/3
    55 | D:1      | Learned a level 1 spell: Animate Skeleton
   255 | D:1      | Reached XP level 2. HP: 20/20 MP: 2/4
   299 | D:2      | Noticed Natasha
   323 | D:2      | Noticed a crimson imp
   591 | D:4      | Noticed an ogre
   619 | D:2      | Slain by Natasha

Illustrated notes

Levels and vault maps discovered:
D:1:      dpeg_arrival_tiny_a, layout_loops_cross, wad_floor_pattern_2,
          wad_floor_pattern_untrapped, minmay_pentomino_w2
D:2:      layout_rooms, nicolae_overflow_crystal_walls, fedhas_altar_3,
          uniq_natasha
D:3:      layout_basic, gammafunk_temple_overflow_arena, minmay_ruptured
D:4:      layout_loops_cross, eat_drink_and_be_merry_uskayaw,
          makhleb_blood_cavern_becter, minmay_checkerbox, uniq_eustachio

Action                   || total
-------------------------++-------
Melee: Club              ||     7
       Dagger            ||     9
 Cast: Pain              ||    13
       Animate Skeleton  ||     3
  Use: Potion            ||     1
Armor: Robe              ||     4
       Skin              ||     4
Dodge: Dodged            ||    24

Table legend: (Time is in decaauts)
 A = Elapsed time spent in this place.
 B = Non-inter-level travel time spent in this place.
 C = Inter-level travel time spent in this place.
 D = Time resting spent in this place.
 E = Time spent auto-exploring this place.
 F = Levels seen in this place.
 G = Mean time per level.
                   A        B        C        D        E       F      G
               +--------+--------+--------+--------+--------+-----+--------+
         Total |    621 |    494 |    127 |    163 |    175 |   4 |  155.2 |
       Dungeon |    621 |    494 |    127 |    163 |    175 |   4 |  155.2 |
               +--------+--------+--------+--------+--------+-----+--------+

Top non-repeatable levels by time:
     D:3: 284 daAuts
     D:1: 280 daAuts
     D:2: 49 daAuts
     D:4: 6 daAuts
